 Dungeon Crawl Stone Soup version 0.31-a0-1074-g0b22e4e0f1 (console) character file.

Game seed: 9551148624494902291

22803 jejorda2 the Cleaver (level 13, -5/104 HPs)
             Began as a Gnoll Berserker on Dec 2, 2023.
             Was an Elder of Trog.
             Slain by a molten gargoyle
             ... wielding a +0 mace
              (13 damage)
             ... on level 1 of the Lair of Beasts.
             The game lasted 00:39:07 (11706 turns).

jejorda2 the Cleaver (Gnoll Berserker)             Turns: 11706, Time: 00:39:07

Health: -5/104     AC: 22    Str: 21    XL:     13   Next: 2%
Magic:  25/25      EV:  9    Int:  7    God:    Trog [****..]
Gold:   637        SH:  0    Dex: 12    Spells: 28/28 levels left

rFire   . . .        a - +3 hand axe (elec)
rCold   + . .        (no shield)
rNeg    . . .        E - +3 plate armour {rC+}
rPois   .            (no helmet)
rElec   .            f - +0 cloak {Will+}
rCorr   .            y - +2 pair of gloves
SInv    +            (no boots)
Will    +++..        p - amulet of the acrobat Stlth
                     m - +4 ring of slaying
HPRegen 1.37/turn    v - ring of see invisible
MPRegen 0.19/turn

%: acrobat
@: lethally poisoned (-5 -> -6), strong-willed, on berserk cooldown,
regenerating, slowed, very slow
A: fangs 1, strong nose, distributed training
a: Renounce Religion, Berserk, Trog's Hand, Brothers in Arms


You were on level 1 of the Lair of Beasts.
You worshipped Trog.
Trog was greatly pleased with you.
You visited 2 branches of the dungeon, and saw 12 of its levels.
You also visited: Bailey.

You collected 1693 gold pieces.
You spent 1056 gold pieces at shops.

Inventory:

Hand Weapons
 a - a +3 hand axe of electrocution (weapon)
 b - the +7 trident of Xabropom {heavy, rElec rF+ Int+2 Dex-3}
   (You found it on level 7 of the Dungeon)

   Int+2:     It affects your intelligence (+2).
   Dex-3:     It affects your dexterity (-3).
   rF+:       It protects you from fire.
   rElec:     It insulates you from electricity.
 t - a +0 battleaxe of freezing
 A - a +2 dire flail of protection
Missiles
 c - 2 boomerangs
 h - 9 poisoned darts (quivered)
 C - 4 darts of dispersal
 G - 4 javelins
 K - 6 datura-tipped darts
 L - 3 throwing nets
 P - 3 curare-tipped darts
Armour
 f - a +0 cloak of willpower (worn)
 l - the scarf of Spite {rC+ rF+, rCorr}
   (You bought it in a shop on level 1 of the Dungeon)

   rCorr:     It protects you from acid and corrosion.
 y - a +2 pair of gloves (worn)
 E - a +3 plate armour of cold resistance (worn)
Jewellery
 m - a +4 ring of slaying (left hand)
 p - an amulet of the acrobat (around neck)
 u - a ring of fire
 v - a ring of see invisible (right hand)
Wands
 j - a wand of polymorph (18)
 o - a wand of flame (38)
 F - a wand of paralysis (32)
 I - a wand of acid (7)
 O - a wand of digging (5)
Scrolls
 d - a scroll of immolation
 e - 4 scrolls of enchant weapon
 i - a scroll of fog
 n - 2 scrolls of teleportation
 r - 2 scrolls of enchant armour
 D - a scroll of revelation
 J - 2 scrolls of brand weapon
 N - a scroll of torment
Potions
 g - 5 potions of curing
 k - 3 potions of invisibility
 q - 5 potions of enlightenment
 s - a potion of ambrosia
 w - 2 potions of might {unknown}
 x - 3 potions of heal wounds
 z - a potion of haste {unknown}
 B - a potion of mutation {unknown}
 H - a potion of degeneration {unknown}
 M - 2 potions of attraction {unknown}
 Q - a potion of lignification {unknown}


   Skills:
 + Level 10.4 Fighting
 + Level 8.0 Short Blades
 + Level 8.0 Long Blades
 + Level 10.4 Axes
 + Level 8.0 Maces & Flails
 + Level 8.0 Polearms
 + Level 8.0 Staves
 + Level 8.0 Ranged Weapons
 + Level 8.0 Throwing
 + Level 9.3 Armour
 + Level 9.3 Dodging
 + Level 8.0 Stealth
 + Level 8.0 Shields
 + Level 8.0 Unarmed Combat
 + Level 8.0 Spellcasting
 + Level 6.6 Conjurations
 + Level 6.6 Hexes
 + Level 6.6 Summonings
 + Level 6.6 Necromancy
 + Level 6.6 Translocations
 + Level 6.6 Transmutations
 + Level 6.6 Fire Magic
 + Level 6.6 Ice Magic
 + Level 6.6 Air Magic
 + Level 6.6 Earth Magic
 + Level 6.6 Poison Magic
 + Level 8.7 Invocations
 + Level 8.0 Evocations
 + Level 7.3 Shapeshifting


You had 28 spell levels left.
You didn't know any spells.
Your spell library was empty.

Dungeon Overview and Level Annotations

Branches:
Dungeon (11/15)            Temple (0/1) D:6            Lair (1/5) D:11
    Orc (0/2) D:9          Bailey (visited)

Altars:
Dithmenos
Elyvilon
Makhleb
Vehumet
The Shining One

Shops:
D:1 [=[*!   D:4 [   D:7 :   D:11 [


Innate Abilities, Weirdness & Mutations

You have very sharp teeth.
Your uncanny sense of smell can sniff out nearby items.
Your experience applies equally to all skills.


Message History

You fail to use your ability.
The molten gargoyle closely misses you.
Aiming: Corrosive Bolt
Press: ? - help, Shift-Dir - straight line, f - yak
Aim: a yak (84% to hit)
The bolt of acid hits the molten gargoyle!
The molten gargoyle is moderately damaged.
The bolt of acid hits the basilisk!!
The acid corrodes the basilisk!
The basilisk is almost dead.
The bolt of acid hits the yak!!
The acid corrodes the yak!
The yak is severely wounded.
The water moccasin bites you.
You are poisoned.
The water moccasin poisons you! The molten gargoyle closely misses you.
The water moccasin bites you but does no damage.
You hit the molten gargoyle but do no damage.
The molten gargoyle is moderately damaged.
You miss the water moccasin.
You feel very sick.
The water moccasin bites you but does no damage.
The molten gargoyle hits you but does no damage.
The water moccasin bites you but does no damage.
You barely miss the molten gargoyle. Your punch misses the molten gargoyle.
The molten gargoyle is moderately damaged.
You closely miss the water moccasin.
You feel very sick.
The molten gargoyle hits you with a +0 mace!
* * * LOW HITPOINT WARNING * * *
You are engulfed in flames!
* * * LOW HITPOINT WARNING * * *
The water moccasin bites you but does no damage.
The molten gargoyle barely misses you. The water moccasin barely misses you.
You hit the molten gargoyle.
The molten gargoyle is moderately damaged.
You closely miss the water moccasin.
You feel very sick. The water moccasin barely misses you.
The molten gargoyle hits you with a +0 mace!
* * * LOW HITPOINT WARNING * * *
You are engulfed in flames!
You die...

# #########
###P#########.##Y##.####.###
.............S@9lY..†.......
...........######.##....#.##
########....# ####....#
∆#...........# #.Y..P#
#......#....# ......#
.#[.....#....# #....##
........#....# #...Y#
.#......#....# #....#
#...........#


You could see 2 yaks, a basilisk (corroded), a molten gargoyle and a water
moccasin.

Vanquished Creatures
  Fannar (D:11)
  Harold (D:10)
  5 two-headed ogres
  An orc high priest (Bailey)
  Lodul (D:11)
  Pikel (D:9)
  An orc knight (Bailey)
  An orc sorcerer (Bailey)
  2 black mambas (Lair:1)
  A gargoyle (D:11)
  A torpor snail (Lair:1)
  A cane toad (Lair:1)
  A rime drake (D:11)
  A komodo dragon (Lair:1)
  2 trolls
  2 polar bears (D:11)
  A hornet (D:5)
  9 blink frogs
  5 shadows
  A vampire (D:9)
  A wyvern (D:9)
  17 yaks
  A basilisk (Lair:1)
  A steam dragon (D:6)
  Menkaure (D:7)
  5 water moccasins
  12 orc warriors
  3 ice beasts
  2 black bears
  9 ogres
  3 wolves (D:11)
  2 centaurs
  A phantom (D:5)
  The ghost of sammy202020 the Shield-Bearer, an amateur GrFi (D:3)
  A lemure (D:9)
  3 gnoll sergeants
  5 bullfrogs
  3 scorpions
  10 wights
  A troll zombie (D:9)
  15 killer bees
  6 electric eels
  2 howler monkeys
  2 jellies
  A gnoll bouda (D:7)
  6 orc priests
  5 hounds
  3 iguanas
  3 iron imps (D:3)
  Crazy Yiuf (D:4)
  4 sleepcaps
  Ijyb (D:3)
  9 orc wizards
  5 ogre zombies (D:9)
  3 scorpion simulacra (D:3)
  27 gnolls
  8 adders
  A shadow imp (D:8)
  4 white imps
  2 worms
  3 adder simulacra (D:3)
  4 dart slugs
  36 orcs
  5 ball pythons
  6 bats
  6 endoplasms
  2 giant cockroaches
  15 goblins
  10 hobgoblins
  2 jackals (D:5)
  5 kobolds
  2 quokkas
  2 frilled lizards
  3 gnoll skeletons (D:9)
  A gnoll zombie (D:9)
  6 orc skeletons (D:9)
  9 orc zombies (D:9)
  8 rats
354 creatures vanquished.

Vanquished Creatures (collateral kills)
  An acid dragon (D:11)
  An ice beast (D:11)
  3 ogres (D:11)
5 creatures vanquished.

Grand Total: 359 creatures vanquished

Notes
Turn   | Place    | Note
-------+----------+-------------------------------------------
     0 | D:1      | jejorda2 the Gnoll Berserker began the quest for the Orb.
     0 | D:1      | Reached XP level 1. HP: 23/23 MP: 1/1
   143 | D:1      | Found Veaf's Antique Armour Shop.
   147 | D:1      | Reached XP level 2. HP: 24/29 MP: 2/2
   199 | D:1      | Found Zisousen's Assorted Antiques.
   209 | D:1      | Found Eroatte's Distillery.
   314 | D:1      | Found Beikh's Jewellery Shoppe.
   348 | D:1      | Found a faded altar of an unknown god.
   533 | D:1      | Found Quix's Armour Boutique.
   608 | D:2      | Reached XP level 3. HP: 34/35 MP: 2/4
   651 | D:2      | Reached skill level 1 in Invocations
   819 | D:2      | Reached skill level 1 in Short Blades
   819 | D:2      | Reached skill level 1 in Long Blades
   819 | D:2      | Reached skill level 1 in Maces & Flails
   819 | D:2      | Reached skill level 1 in Polearms
   819 | D:2      | Reached skill level 1 in Staves
   819 | D:2      | Reached skill level 1 in Ranged Weapons
   819 | D:2      | Reached skill level 1 in Throwing
   819 | D:2      | Reached skill level 1 in Stealth
   819 | D:2      | Reached skill level 1 in Shields
   819 | D:2      | Reached skill level 1 in Unarmed Combat
   819 | D:2      | Reached skill level 1 in Spellcasting
   819 | D:2      | Reached skill level 1 in Evocations
   839 | D:2      | Reached ** piety under Trog
   926 | D:2      | Reached XP level 4. HP: 41/41 MP: 5/5
   985 | D:2      | Reached skill level 1 in Shapeshifting
  1132 | D:2      | Reached skill level 1 in Conjurations
  1132 | D:2      | Reached skill level 1 in Hexes
  1132 | D:2      | Reached skill level 1 in Summonings
  1132 | D:2      | Reached skill level 1 in Necromancy
  1132 | D:2      | Reached skill level 1 in Translocations
  1132 | D:2      | Reached skill level 1 in Transmutations
  1132 | D:2      | Reached skill level 1 in Fire Magic
  1132 | D:2      | Reached skill level 1 in Ice Magic
  1132 | D:2      | Reached skill level 1 in Air Magic
  1132 | D:2      | Reached skill level 1 in Earth Magic
  1132 | D:2      | Reached skill level 1 in Poison Magic
  1504 | D:3      | Noticed Ijyb
  1519 | D:3      | Killed Ijyb
  1545 | D:3      | Reached XP level 5. HP: 47/47 MP: 5/7
  1609 | D:3      | Noticed sammy202020's ghost (amateur GrFi)
  1631 | D:3      | Found a runed translucent gate.
  1631 | D:3      | Found a runed translucent gate.
  1631 | D:3      | Found a runed translucent gate.
  1766 | D:3      | Found a white marble altar of Elyvilon.
  2063 | D:3      | Found a burning altar of Makhleb.
  2092 | D:3      | Reached XP level 6. HP: 45/53 MP: 8/8
  2102 | D:3      | Reached skill level 5 in Armour
  2102 | D:3      | Reached skill level 5 in Dodging
  2356 | D:1      | Bought 2 potions of curing for 60 gold pieces
  2364 | D:1      | Bought a ruby potion for 27 gold pieces
  2433 | D:3      | Killed sammy202020's ghost
  2604 | D:1      | Bought a scroll labelled IMOTIS ZERRODA for 31 gold pieces
  2674 | D:4      | Reached XP level 7. HP: 59/60 MP: 10/10
  2687 | D:5      | Entered Level 5 of the Dungeon
  2789 | D:1      | Bought a scroll labelled WAETUM OPPYSHRA for 31 gold pieces
  2861 | D:4      | Reached *** piety under Trog
  2928 | D:4      | Found a glowing golden altar of the Shining One.
  3271 | D:4      | Found a runed translucent door.
  3272 | D:4      | Noticed Crazy Yiuf
  3279 | D:4      | Killed Crazy Yiuf
  3397 | D:4      | Found Oqukhlatt's Antique Armour Shoppe.
  3766 | D:5      | Reached XP level 8. HP: 67/67 MP: 12/12
  4011 | D:5      | Noticed a hornet
  4013 | D:5      | Killed a hornet
  4698 | D:6      | Reached XP level 9. HP: 73/73 MP: 14/14
  4698 | D:6      | Reached **** piety under Trog
  5056 | D:6      | Found a staircase to the Ecumenical Temple.
  5445 | D:7      | Found a flagged portal.
  5454 | Bailey   | Entered a bailey
  5711 | Bailey   | Noticed an orc knight
  5724 | Bailey   | Killed an orc knight
  5725 | Bailey   | Reached skill level 5 in Invocations
  5812 | Bailey   | Noticed an orc sorcerer
  5813 | Bailey   | Paralysed by an orc sorcerer for 3 turns
  5828 | Bailey   | Killed an orc sorcerer
  5836 | Bailey   | Reached XP level 10. HP: 80/80 MP: 15/17
  5882 | Bailey   | Found an iron altar of Okawaru.
  5882 | Bailey   | Noticed an orc high priest
  5891 | Bailey   | Reached skill level 5 in Short Blades
  5891 | Bailey   | Reached skill level 5 in Long Blades
  5891 | Bailey   | Reached skill level 5 in Maces & Flails
  5891 | Bailey   | Reached skill level 5 in Polearms
  5891 | Bailey   | Reached skill level 5 in Staves
  5891 | Bailey   | Reached skill level 5 in Ranged Weapons
  5891 | Bailey   | Reached skill level 5 in Throwing
  5891 | Bailey   | Reached skill level 5 in Stealth
  5891 | Bailey   | Reached skill level 5 in Shields
  5891 | Bailey   | Reached skill level 5 in Unarmed Combat
  5891 | Bailey   | Reached skill level 5 in Spellcasting
  5891 | Bailey   | Reached skill level 5 in Evocations
  5901 | Bailey   | Noticed an orange demon
  5905 | Bailey   | Killed an orc high priest
  6010 | Bailey   | Identified the +4 glaive of Midwinter {vamp, *Corrode rPois
                  | rN+}
  6056 | Bailey   | Acquired 703 gold pieces
  6432 | D:1      | Bought a glowing cloak for 180 gold pieces
  6432 | D:1      | Bought a dazzling ring mail for 216 gold pieces
  6432 | D:1      | Identified the +1 ring mail "Uhusitt" {rC+} (You bought it
                  | in a shop on level 1 of the Dungeon)
  6481 | D:1      | Bought the scarf of Spite {rC+ rF+, rCorr} for 511 gold
                  | pieces
  6571 | D:7      | Found a shadowy altar of Dithmenos.
  6647 | D:7      | Noticed Menkaure
  6658 | D:7      | Killed Menkaure
  6666 | D:7      | Reached skill level 5 in Shapeshifting
  6779 | D:7      | Found a radiant altar of Vehumet.
  6847 | D:7      | Identified the +7 trident of Xabropom {heavy, rElec rF+
                  | Int+2 Dex-3}
  7075 | D:7      | Found Sanogh's Book Shoppe.
  7848 | D:8      | Reached XP level 11. HP: 87/87 MP: 19/19
  8293 | D:9      | Reached skill level 5 in Conjurations
  8293 | D:9      | Reached skill level 5 in Hexes
  8293 | D:9      | Reached skill level 5 in Summonings
  8293 | D:9      | Reached skill level 5 in Necromancy
  8293 | D:9      | Reached skill level 5 in Translocations
  8293 | D:9      | Reached skill level 5 in Transmutations
  8293 | D:9      | Reached skill level 5 in Fire Magic
  8293 | D:9      | Reached skill level 5 in Ice Magic
  8293 | D:9      | Reached skill level 5 in Air Magic
  8293 | D:9      | Reached skill level 5 in Earth Magic
  8293 | D:9      | Reached skill level 5 in Poison Magic
  8320 | D:9      | Found a staircase to the Orcish Mines.
  8436 | D:9      | Reached ***** piety under Trog
  8477 | D:9      | Noticed a two-headed ogre
  8491 | D:9      | Killed a two-headed ogre
  8665 | D:9      | Noticed a two-headed ogre
  8674 | D:9      | Killed a two-headed ogre
  8856 | D:9      | Noticed Pikel
  8868 | D:9      | Killed Pikel
  9431 | D:10     | Entered Level 10 of the Dungeon
  9543 | D:10     | Noticed Harold
  9571 | D:10     | Killed Harold
 10396 | D:11     | Noticed a two-headed ogre
 10406 | D:11     | Killed a two-headed ogre
 10407 | D:11     | Reached XP level 12. HP: 97/97 MP: 22/22
 10550 | D:11     | Found Afeu's Armour Emporium.
 10550 | D:11     | Noticed a two-headed ogre
 10564 | D:11     | Killed a two-headed ogre
 10612 | D:11     | Noticed a two-headed ogre
 10620 | D:11     | Killed a two-headed ogre
 10954 | D:11     | Found a staircase to the Lair.
 10992 | D:11     | Noticed Sonja
 10993 | D:11     | Sonja changed into Sonja the black bear
 10993 | D:11     | Noticed Sonja
 10999 | D:11     | Killed Sonja the black bear
 11007 | D:11     | Noticed Lodul
 11026 | D:11     | Killed Lodul
 11027 | D:11     | Reached skill level 10 in Fighting
 11027 | D:11     | Reached skill level 10 in Axes
 11061 | D:11     | Noticed Fannar
 11083 | D:11     | Killed Fannar
 11241 | Lair:1   | Entered Level 1 of the Lair of Beasts
 11263 | Lair:1   | HP: 7/145 [blink frog (4)]
 11694 | Lair:1   | Reached XP level 13. HP: 49/104 MP: 24/24
 11706 | Lair:1   | Slain by a molten gargoyle

Illustrated notes

Levels and vault maps discovered:
D:1:      sevenhm_arrival_forest_fort_small_3, layout_rooms,
          shapermc_ecumenical_altar_pompeii, serial_shops, shop, shop_fountains,
          nicolae_shop_rolling_square, shop, shop, minmay_misc_feat_four_crosses
D:2:      layout_basic, kennysheep_generic_room_4
D:3:      layout_basic, elyvilon_altar_1, demons_altar, gammafunk_ghost_icy,
          uniq_ijyb
D:4:      layout_rooms, mainiacjoe_overflow_cross_hatched, serial_shops,
          nicolae_shop_just_a_little_nook, minmay_fractal_squares_gapless_5,
          uniq_crazy_yiuf_cottage
D:5:      layout_loops_ring
D:6:      layout_loops_ring, minmay_temple_entry_antechambers,
          corexii_checkpoint, minmay_misc_feat_room
D:7:      cheibrodos_helix_gallery, layout_basic, mainiacjoe_overflow_catwalk,
          mainiacjoe_overflow_boulevard, enter_bailey_2, serial_shops, shop,
          uniq_menkaure
D:8:      layout_loops_ring
D:9:      layout_gridville, zombieorc1_lemuel, serial_rivers,
          chequers_serial_rivers_marsh, chequers_serial_rivers_large_b,
          chequers_serial_rivers_room_a, chequers_serial_rivers_small_b,
          reono_crystal_passage, uniq_pikel
D:10:     layout_cave_pools, uniq_harold
D:11:     layout_gridville, hellmonk_lair_entry_icy, serial_shops, shop,
          uniq_fannar, uniq_sonja, uniq_lodul
Lair:1:   layout_chaotic_city, nicolae_lair_lakeside_cave

Skill      XL: |  1  2  3  4  5  6  7  8  9 10 11 12 13 |
---------------+----------------------------------------+-----
Invocations    | 1 2 3 4 5 6 7 8 |  8.7
Short Blades   | 1 2 3 4 5 7 8 |  8.0
Long Blades    | 1 2 3 4 5 7 8 |  8.0
Maces & Flails | 1 2 3 4 5 7 8 |  8.0
Polearms       | 1 2 3 4 5 7 8 |  8.0
Staves         | 1 2 3 4 5 7 8 |  8.0
Ranged Weapons | 1 2 3 4 5 7 8 |  8.0
Throwing       | 1 2 3 4 5 7 8 |  8.0
Stealth        | 1 2 3 4 5 7 8 |  8.0
Shields        | 1 2 3 4 5 7 8 |  8.0
Unarmed Combat | 1 2 3 4 5 7 8 |  8.0
Spellcasting   | 1 2 3 4 5 7 8 |  8.0
Evocations     | 1 2 3 4 5 7 8 |  8.0
Shapeshifting  | 1 2 3 4 5 6 7 |  7.3
Conjurations   | 1 2 3 4 5 6 |  6.6
Hexes          | 1 2 3 4 5 6 |  6.6
Summonings     | 1 2 3 4 5 6 |  6.6
Necromancy     | 1 2 3 4 5 6 |  6.6
Translocations | 1 2 3 4 5 6 |  6.6
Transmutations | 1 2 3 4 5 6 |  6.6
Fire Magic     | 1 2 3 4 5 6 |  6.6
Ice Magic      | 1 2 3 4 5 6 |  6.6
Air Magic      | 1 2 3 4 5 6 |  6.6
Earth Magic    | 1 2 3 4 5 6 |  6.6
Poison Magic   | 1 2 3 4 5 6 |  6.6
Armour         | 5 6 7 8 9 |  9.3
Dodging        | 5 6 7 8 9 |  9.3
Fighting       | 7 8 9 10 | 10.4
Axes           | 7 8 9 10 | 10.4

Action                     |  1- 3 |  4- 6 |  7- 9 | 10-12 | 13-15 || total
---------------------------+-------+-------+-------+-------+-------++-------
  Melee: Hand axe          |    91 |   155 |   244 |   589 |    10 ||  1089
         Bite              |     7 |    15 |    30 |    80 |     4 ||   136
         Punch             |     2 |     2 |     9 |    38 |     1 ||    52
  Throw: Dart              |       |       |     3 |    14 |       ||    17
 Invoke: Trog's Hand       |       |     2 |     4 |     7 |       ||    13
         Berserk           |       |     2 |     9 |    15 |       ||    26
         Brothers in Arms  |       |       |     1 |     1 |       ||     2
  Evoke: Wand              |       |       |       |    10 |     1 ||    11
    Use: Scroll            |       |       |    18 |     3 |       ||    21
         Potion            |       |       |       |     1 |       ||     1
 Armour: Animal skin       |    51 |    28 |       |       |       ||    79
         Chain mail        |       |    46 |   150 |       |       ||   196
         Plate armour      |       |       |     5 |   425 |    10 ||   440
  Dodge: Dodged            |    45 |    73 |   108 |   245 |     5 ||   476

Table legend: (Time is in decaauts)
 A = Elapsed time spent in this place.
 B = Non-inter-level travel time spent in this place.
 C = Inter-level travel time spent in this place.
 D = Time resting spent in this place.
 E = Time spent auto-exploring this place.
 F = Levels seen in this place.
 G = Mean time per level.
                   A        B        C        D        E       F      G
               +--------+--------+--------+--------+--------+-----+--------+
         Total |  11895 |  10693 |   1202 |   1356 |   6888 |  13 |  915.0 |
       Dungeon |  10782 |   9581 |   1201 |   1115 |   6543 |  11 |  980.2 |
          Lair |    216 |    216 |      0 |      0 |     85 |   1 |  216.0 |
        Bailey |    896 |    896 |      0 |    241 |    260 |   1 |  896.0 |
               +--------+--------+--------+--------+--------+-----+--------+

Top non-repeatable levels by time:
     D:9: 1233 daAuts
    D:11: 1183 daAuts
     D:3: 1144 daAuts
     D:6: 1085 daAuts
     D:2: 990 daAuts
     D:5: 980 daAuts
     D:1: 928 daAuts
    D:10: 897 daAuts
  Bailey: 896 daAuts
     D:7: 865 daAuts
     D:4: 806 daAuts
     D:8: 664 daAuts
  Lair:1: 216 daAuts
